 Dungeon Crawl Stone Soup version 0.23-a0-619-g281719c6f9 (webtiles) character file.

182 Morenatsu the Grave Robber (level 5, -4/35 HPs)
             Began as a Mummy Necromancer on Dec 22, 2018.
             Killed from afar by an orc wizard (13 damage)
             ... with a puff of flame
             ... on level 4 of the Dungeon.
             The game lasted 00:12:24 (6260 turns).

Morenatsu the Grave Robber (Mummy Necromancer)      Turns: 6260, Time: 00:12:25

Health: -4/35      AC:  2    Str: 11    XL:     5   Next: 34%
Magic:  6/9        EV: 12    Int: 15    God:
Gold:   135        SH:  0    Dex: 13    Spells: 8/9 levels left

rFire    x . .     SeeInvis .   d - +3 dagger (venom)
rCold    + . .     Gourm    .   (no shield)
rNeg     + + +     Faith    .   a - +0 robe
rPois    ∞         Spirit   .   (no helmet)
rElec    .         Reflect  .   (no cloak)
rCorr    .         Harm     .   (no gloves)
MR       .....                  (no boots)
Stlth    ++........             (no amulet)
HPRegen  0.11/turn              (no ring)
MPRegen  0.11/turn              (no ring)

@: no status effects
A: no food or potions, fire vulnerability, cold resistance 1, negative energy
resistance 3, torment resistance, unbreathing
a: no special abilities


You were on level 4 of the Dungeon.
You were not hungry.

You visited 1 branch of the dungeon, and saw 4 of its levels.

You collected 135 gold pieces.

Inventory:

Hand Weapons
 d - a +3 dagger of venom (weapon)
Armour
 a - a +0 robe (worn)
Scrolls
 b - 5 scrolls of identify
 c - 3 scrolls of remove curse
 e - a scroll of fear


   Skills:
 - Level 1.7 Dodging
 - Level 1.5 Stealth
 - Level 2.7 Spellcasting
 + Level 6.6 Necromancy


You had 8 spell levels left.
You knew the following spells:

 Your Spells              Type           Power        Failure   Level  Hunger
a - Pain                  Necr           ###.         1%          1    N/A

Your spell library contained the following spells:

 Spells                   Type           Power        Failure   Level  Hunger
 Animate Skeleton         Necr           N/A          1%          1    N/A
 Vampiric Draining        Necr           ###.......   4%          3    N/A
 Animate Dead             Necr           N/A          13%         4    N/A
 Regeneration             Chrm/Necr      Unusable     N/A         3    N/A

Dungeon Overview and Level Annotations

Branches:
Dungeon (4/15)
 Temple: D:4-7

Altars:


Innate Abilities, Weirdness & Mutations

You do not eat or drink.
Your flesh is vulnerable to fire.
You are immune to poison.
Your flesh is cold resistant. (rC+)
You are immune to negative energy. (rN+++)
You are immune to unholy pain and torment.
You can survive without breathing.


Message History

Casting: Pain (safe; 1% risk of failure)
Confirm with . or Enter, or press ? or * to list all spells.
Aiming: Pain (safe; 1% risk of failure)
Press: ? - help, Shift-Dir - straight line, f/p - worker ant
Aim: a worker ant (chance to defeat MR: 87%)
The worker ant writhes in agony!
The worker ant waves its antennae.
The worker ant barely misses you. The worker ant bites you!
Something barely misses you.
Casting: Pain (safe; 1% risk of failure)
Confirm with . or Enter, or press ? or * to list all spells.
Aiming: Pain (safe; 1% risk of failure)
Press: ? - help, Shift-Dir - straight line, f/p - worker ant
Aim: a worker ant (moderately wounded, chance to defeat MR: 87%)
The worker ant barely resists.
Something hits you. The worker ant bites you.
* * * LOW HITPOINT WARNING * * *
You hear some strange, mumbled words.
A puff of flame appears from out of thin air!
The puff of flame hits you! The fire burns you terribly!
You die...

##.# #..# ###.##
###....## ....#
####...##..## #....#
###........#..##
.....##
##...##......#..##
......#
...######....##..##
......# .###
########@.####......#
## ##.a##.......#
##.o#.......# #
##oo........ #
#o......... #
##$........ #
##.......# ##......#
#....##


You could see a worker ant and 4 orcs.

Vanquished Creatures
  A crimson imp (D:3)
  A worker ant (D:4)
  3 adders (D:3)
  3 oozes
  An adder skeleton (D:4)
  3 worms
  A dart slug (D:3)
  A leopard gecko (D:3)
  4 orcs (D:3)
  4 ball pythons
  5 giant cockroaches
  6 goblins
  8 hobgoblins
  5 kobolds
  11 bats
  4 frilled lizards
  4 rats
65 creatures vanquished.

Vanquished Creatures (others)
  A plant (D:3)
1 creature vanquished.

Grand Total: 66 creatures vanquished

Notes
Turn   | Place    | Note
-------+----------+-------------------------------------------
     0 | D:1      | Morenatsu the Mummy Necromancer began the quest for the
                  | Orb.
     0 | D:1      | Reached XP level 1. HP: 13/13 MP: 4/4
  1072 | D:1      | Reached XP level 2. HP: 19/19 MP: 3/5
  1953 | D:2      | Reached XP level 3. HP: 24/24 MP: 0/7
  1984 | D:2      | Reached skill level 5 in Necromancy
  2296 | D:2      | Noticed an ice beast
  3602 | D:3      | Reached XP level 4. HP: 28/30 MP: 8/8
  4466 | D:3      | Reached skill level 6 in Necromancy
  4861 | D:3      | Reached XP level 5. HP: 34/35 MP: 5/9
  5338 | D:4      | Noticed a phantom
  6260 | D:4      | Killed from afar by an orc wizard

Vault maps used:
D:1:      minmay_arrival_glassed_features
D:2:      first_ration
D:3:      grunt_ministairs_11, chequers_garden, saegor_snake_ambush
D:4:      minitemple, minmay_temple_entry_junction_2

Skill      XL: |  1  2  3  4 |
---------------+-------------+-----
Necromancy     | 5 6 |  6.6
Dodging        | |  1.7
Stealth        | |  1.5
Spellcasting   | |  2.7

Action                   |  1- 3 |  4- 6 || total
-------------------------+-------+-------++-------
Melee: Dagger            |    66 |   114 ||   180
       Unarmed           |     7 |       ||     7
 Cast: Pain              |    60 |    30 ||    90
  Use: Scroll            |     4 |     1 ||     5
 Stab: Sleeping          |     2 |       ||     2
Armor: Robe              |    25 |    12 ||    37
Dodge: Dodged            |    74 |    72 ||   146

Table legend:
 A = Non-vault XP
 B = Vault XP
 C = Vault XP percentage of total XP
 D = Non-vault monster count
 E = Vault monster count
 F = Vault count percentage of total count
                 A         B        C        D         E       F
            +---------+---------+-------+---------+---------+-------
      Total |     242 |      18 |   6.9 |      61 |       4 |   6.2
            +---------+---------+-------+---------+---------+-------
        D:1 |      28 |       0 |   0.0 |      13 |       0 |   0.0
        D:2 |      25 |       0 |   0.0 |      12 |       0 |   0.0
        D:3 |     139 |      18 |  11.5 |      31 |       4 |  11.4
        D:4 |      50 |       0 |   0.0 |       5 |       0 |   0.0
            +---------+---------+-------+---------+---------+-------
